 Dungeon Crawl Stone Soup version 0.31-a0-43-g46d131a48f (webtiles) character file.

Game seed: 137436364468464140

126 pk666 the Magician (level 4, -6/24 HPs)
             Began as a Deep Elf Fire Elementalist on May 18, 2023.
             Killed from afar by Natasha (18 damage)
             ... with a bolt of dispelling energy
             ... on level 3 of the Dungeon.
             The game lasted 00:02:29 (2873 turns).

pk666 the Magician (Deep Elf Fire Elementalist)     Turns: 2873, Time: 00:02:29

Health: -6/24      AC:  3    Str:  5    XL:     4   Next: 83%
Magic:  12/12      EV: 13    Int: 22    God:
Gold:   68         SH:  0    Dex: 15    Spells: 8/11 levels left

rFire   . . .        (no weapon)
rCold   . . .        (no shield)
rNeg    . . .        a - +0 robe
rPois   .            (no helmet)
rElec   .            (no cloak)
rCorr   .            i - +0 pair of gloves
SInv    .            (no boots)
Will    .....        (no amulet)
Stlth   ++           (no ring)
HPRegen 0.24/turn    (no ring)
MPRegen 0.13/turn

%: no passive effects
@: no status effects
A: no striking features
a: no special abilities


You were on level 3 of the Dungeon.
You visited 1 branch of the dungeon, and saw 3 of its levels.

You collected 68 gold pieces.

Inventory:

Armour
 a - a +0 robe (worn)
 i - a +0 pair of gloves (worn)
Jewellery
 h - a +5 ring of evasion
Wands
 n - a wand of mindburst (11)
 p - a wand of quicksilver (9)
Scrolls
 e - 4 scrolls of identify {unknown}
 f - a scroll of acquirement {unknown}
 l - a scroll of teleportation {unknown}
 o - a scroll of torment {unknown}
Potions
 b - a potion of magic
 c - a potion of haste {unknown}
 d - a potion of berserk rage {unknown}
 g - a potion of mutation {unknown}
 j - a potion of curing {unknown}
 k - a potion of degeneration {unknown}
 m - a potion of lignification {unknown}


   Skills:
 + Level 3.7 Dodging
 - Level 2.4 Stealth
 + Level 4.3 Spellcasting
 + Level 2.7 Conjurations
 + Level 4.1 Fire Magic


You had 8 spell levels left.
You knew the following spells:

 Your Spells              Type           Power      Damage    Failure   Level
a - Foxfire               Conj/Fire      76%        2x1d7     2%          1
b - Scorch                Fire           44%        2d7       3%          2

Your spell library contained the following spells:

 Spells                   Type           Power      Damage    Failure   Level
 Inner Flame              Hex/Fire       13%        N/A       14%         3
 Volatile Blastmotes      Fire/Tloc      26%        2d12      14%         3
 Flame Wave               Conj/Fire      19%        2d7       26%         4


Dungeon Overview and Level Annotations

Branches:
Dungeon (3/15)

Altars:

Shops:
D:2 (

Annotations:
D:3 Grinder, Natasha


Message History

You conjure some foxfire!
Your foxfire dissipates!
Your foxfire dissipates!
Your foxfire dissipates!
Your foxfire dissipates!
Found a hand axe.
A rat comes into view.
Found a stone staircase leading down.
A rat is nearby!
Casting: Foxfire (safe; 2% risk of failure)
Confirm with . or Enter, or press ? or * to list all spells.
You conjure some foxfire!
Casting: Foxfire (safe; 2% risk of failure)
Confirm with . or Enter, or press ? or * to list all spells.
You conjure some foxfire!
The foxfire hits the rat.
The rat is moderately wounded.
The foxfire hits the rat but does no damage.
The rat is moderately wounded.
The foxfire hits the rat.
You kill the rat!
Casting: Foxfire (safe; 2% risk of failure)
Confirm with . or Enter, or press ? or * to list all spells.
You conjure some foxfire!
Your foxfire dissipates!
Your foxfire dissipates!
Your foxfire dissipates!
You see here a +2 mace of protection.
Found a stone staircase leading up.
You see here a +0 hand axe.
Natasha and Grinder come into view.
Natasha is carrying a wand of quicksilver (12).
Found 13 gold pieces.
Natasha hisses angrily.
Natasha zaps a wand.
The bolt of dispelling energy hits you!
Ouch! That really hurt!
There are monsters nearby!
Natasha zaps a wand.
The bolt of dispelling energy hits you!!
Ouch! That really hurt!
You die...

........# $......
........# .......
........# ......5
........# .......
........# .......
.....<..# .......
.........###h......
.........@.........
.........###.......
.........###.......
..........>#.######
.........#.#.###
........).......
.......)...#.###
............†..
...........#.###


You could see Natasha.

Vanquished Creatures
  3 gnolls (D:2)
  4 adders
  3 dart slugs (D:1)
  4 endoplasms (D:1)
  10 goblins
  5 hobgoblins
  5 quokkas
  3 ball pythons
  2 bats (D:1)
  5 frilled lizards
  6 kobolds
  7 rats
57 creatures vanquished.

Vanquished Creatures (others)
  194 foxfires
194 creatures vanquished.

Grand Total: 251 creatures vanquished

Notes
Turn   | Place    | Note
-------+----------+-------------------------------------------
     0 | D:1      | pk666 the Deep Elf Fire Elementalist began the quest for
                  | the Orb.
     0 | D:1      | Reached XP level 1. HP: 10/10 MP: 6/6
   443 | D:1      | Reached XP level 2. HP: 15/15 MP: 4/8
   446 | D:1      | Learned a level 2 spell: Scorch
  1075 | D:1      | Reached XP level 3. HP: 17/19 MP: 8/10
  1709 | D:2      | Found Rejam's Weapon Boutique.
  1738 | D:2      | Reached XP level 4. HP: 19/24 MP: 1/11
  2871 | D:3      | Noticed Natasha
  2871 | D:3      | Noticed Grinder
  2873 | D:3      | Killed from afar by Natasha

Illustrated notes

Levels and vault maps discovered:
D:1:      dpeg_arrival_round_b, layout_loops_ring, roderic_serpentine_path
D:2:      layout_loops_ring, serial_shops, nicolae_shop_statue_plus
D:3:      layout_basic, okawaru_metal_pillars_1_2, uniq_natasha, uniq_grinder

Skill      XL: |  1  2  3  4 |
---------------+-------------+-----
Dodging        | 3 |  3.7
Conjurations   | 2 |  2.7
Spellcasting   | 4 |  4.3
Fire Magic     | 4 |  4.1
Stealth        | |  2.4

Action                     |  1- 3 |  4- 6 || total
---------------------------+-------+-------++-------
   Cast: Foxfire           |    86 |    34 ||   120
         Scorch            |     4 |     6 ||    10
 Armour: Robe              |     3 |     3 ||     6
  Dodge: Dodged            |     7 |     9 ||    16

Table legend: (Time is in decaauts)
 A = Elapsed time spent in this place.
 B = Non-inter-level travel time spent in this place.
 C = Inter-level travel time spent in this place.
 D = Time resting spent in this place.
 E = Time spent auto-exploring this place.
 F = Levels seen in this place.
 G = Mean time per level.
                   A        B        C        D        E       F      G
               +--------+--------+--------+--------+--------+-----+--------+
         Total |   2872 |   2759 |    113 |    318 |   2058 |   3 |  957.3 |
       Dungeon |   2872 |   2759 |    113 |    318 |   2058 |   3 |  957.3 |
               +--------+--------+--------+--------+--------+-----+--------+

Top non-repeatable levels by time:
     D:1: 1499 daAuts
     D:2: 1109 daAuts
     D:3: 263 daAuts
